 Dungeon Crawl Stone Soup version 0.21.1-1-g345015f (webtiles) character file.

252 poirepourri the Thaumaturge (level 5, -2/28 HPs)
             Began as a Deep Elf Conjurer on July 14, 2018.
             Killed by divine providence
             ... invoked by an orc priest
              (12 damage)
             ... on level 4 of the Dungeon.
             The game lasted 00:03:21 (2835 turns).

poirepourri the Thaumaturge (Deep Elf Conjurer)     Turns: 2835, Time: 00:03:22

Health: -2/28      AC:  3    Str:  5    XL:     5   Next: 89%
Magic:  0/17       EV: 13    Int: 21    God:
Gold:   95         SH:  0    Dex: 15    Spells: 6/20 levels left

rFire    . . .     SeeInvis .   d - +0 short sword
rCold    + . .     Gourm    .   (no shield)
rNeg     . . .     Faith    .   a - +1 robe
rPois    +         Spirit   .   (no helmet)
rElec    .         Reflect  .   (no cloak)
rCorr    .         Harm     .   (no gloves)
MR       .....                  (no boots)
Stlth    ++........             (no amulet)
HPRegen  0.09/turn              e - ring of protection from cold
MPRegen  0.15/turn              m - ring of poison resistance

@: no status effects
A: no striking features
a: no special abilities


You were on level 4 of the Dungeon.
You were not hungry.

You visited 1 branch of the dungeon, and saw 4 of its levels.

You collected 95 gold pieces.

Inventory:

Hand Weapons
 d - a +0 short sword (weapon)
Armour
 a - a +1 robe (worn)
Jewellery
 e - a ring of protection from cold (left hand)
 m - a ring of poison resistance (right hand)
Scrolls
 h - a scroll of amnesia
 k - 2 scrolls of blinking
Potions
 f - a potion of lignification
 g - a potion of degeneration {unknown}
 i - a potion of cancellation {unknown}
 j - a potion of magic {unknown}
 l - a potion of curing
 o - a potion of resistance {unknown}
 q - a potion of haste {unknown}
Books
 b - a book of Conjurations

   Spells                             Type                      Level
   a - Magic Dart                     Conjuration                  1
   b - Searing Ray                    Conjuration                  2
   c - Dazzling Spray                 Conjuration/Hexes            3
   d - Fulminant Prism                Conjuration/Hexes            4
   e - Force Lance                    Conjuration/Translocation    4
   f - Iskenderun's Mystic Blast      Conjuration                  4
Comestibles
 c - 7 rations


   Skills:
 - Level 2.4 Dodging
 - Level 2.4 Stealth
 + Level 8.4 Spellcasting
 - Level 4.3 Conjurations


You had 6 spell levels left.
You knew the following spells:

 Your Spells              Type           Power        Failure   Level  Hunger
a - Magic Dart            Conj           ####         1%          1    None
b - Searing Ray           Conj           ####..       1%          2    None
c - Dazzling Spray        Conj/Hex       ###...       10%         3    None
d - Fulminant Prism       Conj/Hex       ###.......   30%         4    ###....
e - Force Lance           Conj/Tloc      ###.....     30%         4    ###....


Dungeon Overview and Level Annotations

Branches:
Dungeon (4/15)
 Temple: D:4-7

Altars:
Nemelex Xobeh
Wu Jian
The Shining One


Message History

The orc priest miscasts a cantrip.
You closely miss the orc priest.
The orc priest is moderately wounded.
The orc priest barely misses you.
You barely miss the orc priest.
The orc priest is moderately wounded.
The orc priest miscasts a cantrip.
You closely miss the orc priest.
The orc priest is moderately wounded.
The orc priest misses you.
Casting: Searing Ray
Confirm with . or Enter, or press ? or * to list all spells.
Aiming: Magic Dart
Press: ? - help, Shift-Dir - straight line, f/p - orc priest
Aim: an orc priest (moderately wounded)
The magic dart hits the orc priest.
The orc priest is heavily wounded.
The orc priest calls down the wrath of Beogh upon you.
Beogh smites you!
You die...

#.# #.# #.########.#
##.#.........
#####....##......
#...........###.#
#.###....### #.# #.#
##.#.######.#
..######.####..........#
..))..o@........########
..###.##.######## # #)
..# # # ###


You could see an orc priest.

Vanquished Creatures
  A scorpion (D:4)
  A bullfrog skeleton (D:4)
  An orc wizard (D:4)
  Natasha (twice) (D:2)
  3 adders
  4 dart slugs
  2 leopard geckos
  4 orcs
  A ball python (D:1)
  5 bats
  5 giant cockroaches
  4 goblins
  5 hobgoblins
  4 jackals
  2 kobolds
  8 frilled lizards
  4 rats
56 creatures vanquished.

Notes
Turn   | Place    | Note
-------+----------+-------------------------------------------
     0 | D:1      | poirepourri the Deep Elf Conjurer began the quest for the Orb.
     0 | D:1      | Reached XP level 1. HP: 10/10 MP: 6/6
   364 | D:1      | Reached skill level 4 in Spellcasting
   364 | D:1      | Reached XP level 2. HP: 15/15 MP: 1/9
   574 | D:1      | Learned a level 2 spell: Searing Ray
  1170 | D:2      | Noticed Natasha
  1173 | D:2      | Killed Natasha
  1173 | D:2      | Reached skill level 5 in Spellcasting
  1173 | D:2      | Reached XP level 3. HP: 19/19 MP: 7/12
  1526 | D:2      | Reached XP level 4. HP: 24/24 MP: 11/13
  1536 | D:2      | Reached skill level 6 in Spellcasting
  1548 | D:2      | Learned a level 3 spell: Dazzling Spray
  1557 | D:2      | Learned a level 4 spell: Fulminant Prism
  1562 | D:2      | Learned a level 4 spell: Force Lance
  1664 | D:2      | Found a glowing golden altar of the Shining One.
  1723 | D:2      | Noticed Natasha
  1729 | D:2      | Killed Natasha
  1886 | D:2      | Found an ornate altar of the Wu Jian Council.
  2419 | D:3      | Found a sparkling altar of Nemelex Xobeh.
  2632 | D:4      | Reached skill level 7 in Spellcasting
  2642 | D:4      | Reached XP level 5. HP: 21/28 MP: 2/17
  2815 | D:4      | Reached skill level 8 in Spellcasting
  2835 | D:4      | Killed from afar by an orc priest

Skill      XL: |  1  2  3  4  5 |
---------------+----------------+-----
Spellcasting   | 4 5 7 8 |  8.4
Dodging        | |  2.4
Stealth        | |  2.4
Conjurations   | |  4.3

Action                   |  1- 3 |  4- 6 || total
-------------------------+-------+-------++-------
Melee: Short sword       |     4 |     3 ||     7
 Cast: Magic Dart        |    49 |    42 ||    91
       Searing Ray       |     3 |    10 ||    13
  Use: Scroll            |     4 |     4 ||     8
       Potion            |       |     2 ||     2
  Eat: Ration            |     1 |     1 ||     2
Armor: Robe              |     1 |     3 ||     4
Dodge: Dodged            |    12 |    10 ||    22
